 Dungeon Crawl Stone Soup version 0.30-a0-860-g512cf1e979 (webtiles) character file.

Game seed: 10737331391360615062

70352 jasper the Severer (level 14, 0/130 (132) HPs)
             Began as a Demonspawn Fighter on Mar 7, 2023.
             Was the Champion of Cheibriados.
             Slain by an orc knight
             ... wielding a +0 halberd
              (15 damage)
             ... on level 2 of the Orcish Mines.
             The game lasted 00:36:11 (21641 turns).

jasper the Severer (Demonspawn Fighter)            Turns: 21641, Time: 00:36:11

HP:   0/130 (132)   AC: 22    Str: 33    XL:     14   Next: 93%
MP:   0/23          EV: 23    Int: 28    God:    Cheibriados [******]
Gold: 1544          SH:  0    Dex: 32    Spells: 4/13 levels left

rFire   x . .      SeeInvis .    x - +5 woodcutter's axe
rCold   + . .      Faith    .    (shield currently unavailable)
rNeg    + . .      Spirit   +    S - +0 swamp dragon scales
rPois   +          Reflect  .    i - +1 helmet
rElec   .          Rampage  .    o - +1 cloak
rCorr   .                        V - +2 pair of gloves
Will    +....                    (boots unavailable)
Stlth   ++                       d - amulet of the Establishment {RegenMP Contam rC+ Slay+3}
HPRegen 0.41/turn                v - +6 ring of intelligence
MPRegen 0.76/turn                w - ring of positive energy

@: on berserk cooldown, slowed, lightly drained, very slow
A: hooves 3, slimy green scales 2, powered by death 1, magic shield, magic
regeneration, dopey 1, poison resistance, robust 1, heat vulnerability 1
a: Renounce Religion, Bend Time, Temporal Distortion, Slouch, Step From Time


You were on level 2 of the Orcish Mines.
You worshipped Cheibriados.
Cheibriados was exalted by your worship.
You visited 4 branches of the dungeon, and saw 19 of its levels.

You collected 1544 gold pieces.

Inventory:

Hand Weapons
 e - a +1 battleaxe
 p - a +2 dire flail of protection
 x - the +5 woodcutter's axe (weapon)
   (You found it on level 8 of the Dungeon)
 W - a +0 broad axe
Missiles
 k - 26 poisoned darts
 t - 67 stones (quivered)
 D - 2 silver boomerangs
 H - 3 boomerangs
 M - 20 javelins
Armour
 b - a +0 scale mail
 i - a +1 helmet (worn)
 l - a +0 cloak
 m - a +4 chain mail
 o - a +1 cloak (worn)
 q - a +0 chain mail
 E - a +0 cloak
 S - +0 swamp dragon scales (worn)
 V - a +2 pair of gloves (worn)
Jewellery
 d - the amulet of the Establishment (around neck) {RegenMP Contam rC+ Slay+3}
   (You acquired it on level 6 of the Dungeon)

   [amulet of magic regeneration]

   It increases your rate of magic regeneration.
   Slay:      It affects your accuracy & damage with ranged weapons and melee
   (+3).
   rC:        It protects you from cold.
   Contam:    It causes magical contamination when unequipped.
 v - a +6 ring of intelligence (left hand)
 w - a ring of positive energy (right hand)
 Q - an amulet of faith
 U - a +5 ring of evasion
 X - an amulet of regeneration
Wands
 h - a wand of digging (9)
 j - a wand of paralysis (4)
 y - a wand of polymorph (9)
 P - a wand of flame (3)
Scrolls
 f - 6 scrolls of teleportation
 g - 2 scrolls of poison
 s - a scroll of enchant armour
 A - a scroll of silence
 F - 4 scrolls of noise
 K - 2 scrolls of vulnerability
 L - 2 scrolls of fog
 T - 2 scrolls of torment
 Z - a scroll of identify
Potions
 n - 2 potions of flight
 r - 4 potions of haste
 u - 3 potions of heal wounds
 z - 5 potions of attraction
 C - a potion of brilliance
 G - a potion of magic
 I - 2 potions of lignification
 J - 5 potions of curing
 O - 2 potions of cancellation
 R - a potion of might


   Skills:
 * Level 14.0 Fighting
 + Level 15.6 Axes
 + Level 11.0 Armour
 + Level 10.5 Dodging
 - Level 2.6 Shields
 - Level 12.2 Invocations


You had 4 spell levels left.
You knew the following spells:

 Your Spells              Type           Power      Damage    Failure   Level
a - Yara's Violent Unrav  Hex/Tmut       0%         3d3       98%         5
b - Apportation           Tloc           0%         N/A       14%         1
c - Tukima's Dance        Hex            0%         N/A       38%         3

Your spell library contained the following spells:

 Spells                   Type           Power      Damage    Failure   Level
 Freeze                   Ice            0%         1d3       14%         1
 Magic Dart               Conj           0%         1d3       14%         1
 Summon Small Mammal      Summ           0%         N/A       14%         1
 Call Imp                 Summ           0%         N/A       22%         2
 Call Canine Familiar     Summ           0%         N/A       38%         3
 Frozen Ramparts          Ice            0%         1d1       38%         3
 Hailstorm                Conj/Ice       0%         3d3       38%         3
 Mephitic Cloud           Conj/Pois/Air  0%         N/A       38%         3
 Summon Guardian Golem    Hex/Summ       0%         N/A       38%         3
 Animate Armour           Summ/Erth      0%         N/A       80%         4
 Passage of Golubria      Tloc           0%         N/A       80%         4
 Alistair's Intoxication  Tmut/Pois      0%         N/A       98%         5
 Blade Hands              Tmut           0%         N/A       98%         5
 Iron Shot                Conj/Erth      0%         9d1       100%        6


Dungeon Overview and Level Annotations

Branches:
Dungeon (11/15)            Temple (1/1) D:7            Lair (5/5) D:9
 Shoals (0/4) Lair:3       Spider (0/4) Lair:2        Slime (0/5) Lair:5
    Orc (2/2) D:9             Elf (0/3) Orc:2

Altars:
Ashenzari
Cheibriados
Dithmenos
Fedhas
Gozag
Hepliaklqana
Kikubaaqudgha
Makhleb
Nemelex Xobeh
Okawaru
Qazlal
Ru
Sif Muna
Trog
Uskayaw
Vehumet
Wu Jian
Xom
Yredelemnul
Jiyva

Shops:
D:1 !   D:2 !   D:9 ([

Annotations:
Lair:1 2 transporters
Lair:2 exclusion: oklob plant


Innate Abilities, Weirdness & Mutations

You have hooves in place of feet.
You are mostly covered in slimy green scales. (AC +3)
You regenerate a little health from kills.
When hurt, damage is shared between your health and your magic reserves.
You regenerate magic rapidly.
You are dopey. (Int -2)
Your system is resistant to poisons. (rPois)
You are robust. (+10% HP)
You are vulnerable to heat. (rF-)


Message History

The orc knight closely misses you.
The orc priest looks satisfied for a moment.
The orc knight closely misses you. The orc priest misses you.
Items here: )) [[ †.
You slash the orc knight! Your kick misses the orc knight.
The orc knight is moderately wounded.
You closely miss the orc priest.
The orc priest no longer looks unusually strong.
The orc knight completely misses you.
The orc priest looks satisfied for a moment.
You hit the orc knight but do no damage.
The orc knight is moderately wounded.
You slice the orc priest!!
You kill the orc priest!
Cheibriados thoroughly appreciates the change of pace.
The orc knight hits you with a +0 halberd!
* * * LOW HITPOINT WARNING * * *
You take 5 damage, and have 15/195 hp.
You now have 6/23 mp.
You barely miss the orc knight. You kick the orc knight.
The orc knight is moderately wounded.
The orc knight hits you with a +0 halberd.
* * * LOW HITPOINT WARNING * * *
You take 1 damage, and have 14/195 hp.
You slash the orc knight!
The orc knight is heavily wounded.
The orc knight hits you with a +0 halberd!!
* * * LOW HITPOINT WARNING * * *
You take 13 damage, and have 1/195 hp.
You now have 0/23 mp.
You are too berserk!
You barely miss the orc knight. Your kick misses the orc knight.
The orc knight is heavily wounded.
You are no longer berserk.
You are exhausted.
You feel yourself slow down.
The orc knight hits you but does no damage.
You now have 1/130 hp.
You feel much better.
The orc knight no longer looks unusually strong.
The orc knight hits you with a +0 halberd!
You die...

#.....#...................#......
#..................).............
##............................#..
#......).).)..))..............#.
##........))).................>#
#......#....)).........#...^...#
#.......#...)))).......##...#....
$.......#######)..#######..###...
........# #..)@...# #.. #...
........# #.)#))o#..# #. #...
..##....# #.....).).# ###.
#...#...#...# ## #.......(...# #
#....#.))#....# # #.. ...)......#
# #... #...# ...#


You could see an orc knight.

Vanquished Creatures
  A hydra (Lair:2)
  A boulder beetle (Lair:3)
  An alligator (D:11)
  3 two-headed ogres
  Urug (Lair:1)
  9 death yaks
  3 orc high priests (Orc:2)
  Nergalle (Lair:2)
  Pikel (D:4)
  5 orc knights
  4 orc sorcerers
  A cyclops (Orc:2)
  16 elephants
  2 manticores
  A merfolk siren (Lair:3)
  Maurice (D:10)
  A black mamba (Lair:1)
  2 rust devils (D:9)
  A torpor snail (Lair:3)
  18 cane toads
  2 kobold demonologists
  7 komodo dragons
  Maggie (Lair:1)
  An ice devil (D:9)
  A rime drake (Lair:3)
  A red devil (D:9)
  5 polar bears
  6 hornets
  5 trolls
  33 blink frogs
  Grinder (D:6)
  8 dream sheep (Lair:5)
  Sigmund (D:4)
  A ynoxinul (D:9)
  A shadow (D:10)
  2 vampires
  12 spriggans (Lair:5)
  4 wyverns
  61 yaks
  2 vampire mosquitoes (D:11)
  2 steam dragons (D:6)
  2 basilisks (Lair:3)
  A chaos spawn (D:9)
  Menkaure (D:4)
  3 acid dragons
  6 wargs
  Edmund (D:4)
  14 water moccasins
  Duvessa (D:6)
  8 black bears
  2 ice beasts (D:6)
  25 orc warriors
  10 ogres
  5 boggarts (Lair:5)
  9 centaurs
  30 wolves
  A kobold brigand (D:10)
  9 bullfrogs
  5 scorpions
  Dowan (D:6)
  8 wights
  5 killer bees (D:11)
  4 howler monkeys
  5 quasits (D:9)
  2 hounds
  A jelly (D:6)
  22 orc priests
  A sleepcap (D:7)
  Crazy Yiuf (D:3)
  2 gnoll boudas
  4 iguanas
  17 orc wizards
  4 hell rats (Lair:4)
  Robin (D:2)
  12 gnolls
  6 adders
  3 white imps
  2 ufetubi
  4 worms
  2 dart slugs
  73 orcs
  6 ball pythons
  A bat (D:1)
  2 endoplasms (D:2)
  5 giant cockroaches
  15 goblins
  10 hobgoblins
  8 jackals
  2 quokkas
  2 frilled lizards
  9 kobolds
  3 rats
606 creatures vanquished.

Vanquished Creatures (others)
  4 demonic plants (D:9)
  44 fungi
  48 plants
96 creatures vanquished.

Grand Total: 702 creatures vanquished

Notes
Turn   | Place    | Note
-------+----------+-------------------------------------------
     0 | D:1      | jasper the Demonspawn Fighter began the quest for the Orb.
     0 | D:1      | Reached XP level 1. HP: 18/18 MP: 1/1
     7 | D:1      | Found Siutom's Distillery.
   221 | D:1      | Reached skill level 2 in Axes
   307 | D:1      | You fall into a shaft and drop 1 floor!
   317 | D:2      | Gained mutation: You have large cloven feet. [demonic
                  | ancestry]
   317 | D:2      | Reached XP level 2. HP: 24/24 MP: 2/2
   837 | D:2      | Found Exil Uru's Distillery.
   963 | D:2      | Gained mutation: You regenerate a little health from kills.
                  | [demonic ancestry]
   963 | D:2      | Reached XP level 3. HP: 29/29 MP: 3/3
  1130 | D:2      | Reached skill level 1 in Dodging
  1623 | D:3      | Gained mutation: You regenerate magic rapidly. [demonic
                  | ancestry]
  1623 | D:3      | Reached XP level 4. HP: 35/35 MP: 4/4
  1851 | D:2      | Reached skill level 3 in Axes
  2216 | D:4      | Reached XP level 5. HP: 18/42 MP: 5/5
  2311 | D:4      | Noticed Menkaure
  2325 | D:4      | Killed Menkaure
  2326 | D:4      | Reached XP level 6. HP: 48/48 MP: 6/6
  2373 | D:4      | Gained mutation: Your system is resistant to poisons.
                  | (rPois) [potion of mutation]
  2373 | D:4      | Gained mutation: You are dopey. (Int -2) [potion of
                  | mutation]
  2373 | D:4      | Gained mutation: You are vulnerable to heat. (rF-) [potion
                  | of mutation]
  2373 | D:4      | Gained mutation: You are robust. (+10% HP) [potion of
                  | mutation]
  2373 | D:4      | HP: 2/52 [something (2)]
  2395 | D:3      | Noticed Robin
  2405 | D:2      | Killed Robin
  2591 | D:3      | Reached skill level 4 in Axes
  2616 | D:3      | Found a hide-covered altar of Uskayaw.
  2795 | D:3      | Found a faded altar of an unknown god.
  2850 | D:3      | Identified the +4 sling of the Mind {freeze, rC+ Dex+5}
  3155 | D:4      | Noticed Edmund
  3172 | D:4      | Killed Edmund
  3292 | D:4      | Reached XP level 7. HP: 60/60 MP: 7/7
  3437 | D:4      | Found a shimmering blue altar of Sif Muna.
  3437 | D:4      | Found an ancient bone altar of Kikubaaqudgha.
  3439 | D:4      | Found a radiant altar of Vehumet.
  3444 | D:4      | Got Vehumet's Atlas of Destruction
  3467 | D:4      | Identified the +7 whip of Arrival {venom, rElec rC+}
  3512 | D:4      | Noticed Sigmund
  3523 | D:4      | Killed Sigmund
  3524 | D:4      | Reached skill level 5 in Axes
  3524 | D:4      | Noticed Pikel
  3542 | D:4      | Killed Pikel
  3543 | D:4      | Reached skill level 5 in Fighting
  3543 | D:4      | Gained mutation: You are partially covered in slimy green
                  | scales. (AC +2) [demonic ancestry]
  3543 | D:4      | Reached XP level 8. HP: 24/68 MP: 8/8
  4033 | D:5      | Entered Level 5 of the Dungeon
  4048 | D:4      | Reached skill level 6 in Axes
  4118 | D:5      | Identified the +3 leather armour of Uskayaw's Hope {Harm}
  4284 | D:5      | Reached skill level 5 in Armour
  5283 | D:6      | Reached skill level 7 in Axes
  5382 | D:6      | Reached XP level 9. HP: 64/75 MP: 9/9
  5519 | D:6      | Identified 2 scrolls of acquirement
  5519 | D:6      | Acquired a manual of Axes
  5521 | D:6      | Acquired the amulet of the Establishment {RegenMP Contam
                  | rC+ Slay+3}
  5567 | D:6      | Noticed Grinder
  5589 | D:6      | Killed Grinder
  5829 | D:6      | Reached skill level 8 in Axes
  5829 | D:6      | Reached skill level 5 in Dodging
  5911 | D:6      | Learned a level 5 spell: Yara's Violent Unravelling
  6146 | D:6      | Noticed Duvessa
  6146 | D:6      | Noticed Dowan
  6149 | D:6      | Killed Duvessa
  6151 | D:6      | Killed Dowan
  6548 | D:7      | Noticed a troll
  6555 | D:7      | Killed a troll
  6749 | D:7      | Reached skill level 9 in Axes
  6945 | D:7      | Found a staircase to the Ecumenical Temple.
  6960 | Temple   | Entered the Ecumenical Temple
  7248 | D:7      | Found an ornate altar of the Wu Jian Council.
  7881 | D:8      | Found the +5 woodcutter's axe
  8413 | D:8      | Gained mutation: When hurt, damage is shared between your
                  | health and your magic reserves. [demonic ancestry]
  8413 | D:8      | Reached XP level 10. HP: 86/86 MP: 10/10
  8600 | D:8      | Found a sparkling altar of Nemelex Xobeh.
  8609 | D:8      | Found a broken altar of Ashenzari.
  8914 | D:3      | Found a runed translucent door.
  8915 | D:3      | Noticed Crazy Yiuf
  8950 | D:3      | Found a snail-covered altar of Cheibriados.
  8970 | D:3      | Became a worshipper of Cheibriados the Contemplative
  9342 | D:3      | Killed Crazy Yiuf
  9620 | D:5      | Reached skill level 10 in Axes
  9795 | D:9      | Found Keadwot's Armour Shoppe.
  9795 | D:9      | Found a staircase to the Orcish Mines.
  9852 | D:9      | Found Dahash's Weapon Shoppe.
 10251 | D:9      | Reached * piety under Cheibriados
 10427 | D:9      | Noticed a rust devil
 10443 | D:9      | Killed a rust devil
 10444 | D:9      | Reached skill level 11 in Axes
 10590 | D:9      | Noticed a two-headed ogre
 10604 | D:9      | Killed a two-headed ogre
 10611 | D:9      | Reached skill level 12 in Axes
 10616 | D:9      | Noticed a rust devil
 10630 | D:9      | Killed a rust devil
 10631 | D:9      | Gained mutation: You have hoof-like feet. [demonic
                  | ancestry]
 10631 | D:9      | Reached XP level 11. HP: 63/94 MP: 11/11
 10797 | D:9      | Reached ** piety under Cheibriados
 10816 | D:9      | Identified the +2 robe of Dishonesty {rCorr}
 10830 | D:9      | Learned a level 1 spell: Apportation
 10833 | D:9      | Found a staircase to the Lair.
 11237 | D:10     | Entered Level 10 of the Dungeon
 11791 | D:10     | Noticed a two-headed ogre
 11802 | D:10     | Killed a two-headed ogre
 12033 | D:10     | Reached skill level 13 in Axes
 12113 | D:10     | Noticed Maurice
 12122 | D:10     | Killed Maurice
 12290 | D:11     | Noticed a boulder beetle
 12294 | D:11     | a boulder beetle changed into an alligator
 12294 | D:11     | Noticed an alligator
 12307 | D:11     | Killed an alligator
 12477 | D:11     | Noticed a two-headed ogre
 12723 | D:11     | Reached *** piety under Cheibriados
 12854 | D:11     | Killed a two-headed ogre
 13171 | D:11     | Reached skill level 14 in Axes
 13599 | Lair:1   | Entered Level 1 of the Lair of Beasts
 13938 | Lair:1   | Reached **** piety under Cheibriados
 14077 | Lair:1   | Reached XP level 12. HP: 106/106 MP: 12/12
 14156 | Lair:1   | Found a transporter.
 14165 | Lair:1   | Noticed Urug
 14175 | Lair:1   | Killed Urug
 14176 | Lair:1   | Reached skill level 10 in Fighting
 14479 | Lair:1   | Found a transporter.
 14495 | Lair:1   | Reached skill level 1 in Invocations
 14550 | Lair:1   | Noticed Maggie
 14559 | Lair:1   | Killed Maggie
 14631 | Lair:1   | Reached skill level 5 in Invocations
 15431 | Lair:2   | Found a hole to the Spider Nest.
 15439 | Lair:2   | Learned a level 3 spell: Tukima's Dance
 15620 | Lair:2   | Noticed Nergalle
 15632 | Lair:2   | Killed Nergalle
 15852 | Lair:2   | Reached ***** piety under Cheibriados
 15853 | Lair:2   | Reached skill level 10 in Invocations
 15922 | Lair:2   | Noticed an eight-headed hydra
 15928 | Lair:2   | Killed an eight-headed hydra
 16594 | Lair:3   | Gained mutation: You have hooves in place of feet. [demonic
                  | ancestry]
 16594 | Lair:3   | Reached XP level 13. HP: 106/113 MP: 22/22
 17799 | Lair:3   | Found a staircase to the Shoals.
 18110 | Lair:4   | Reached ****** piety under Cheibriados
 19232 | Lair:5   | Entered Level 5 of the Lair of Beasts
 19284 | Lair:5   | Reached skill level 10 in Armour
 19293 | Lair:5   | Reached skill level 15 in Axes
 19293 | Lair:5   | Gained mutation: You are mostly covered in slimy green
                  | scales. (AC +3) [demonic ancestry]
 19293 | Lair:5   | Reached XP level 14. HP: 126/126 MP: 23/23
 20062 | Lair:5   | Reached skill level 10 in Dodging
 20230 | Lair:5   | Found a viscous altar of Jiyva.
 20231 | Lair:5   | Found a staircase to the Slime Pits.
 20780 | Orc:1    | Entered Level 1 of the Orcish Mines
 21054 | Orc:2    | Entered Level 2 of the Orcish Mines
 21182 | Orc:2    | Found a shimmering blue altar of Sif Muna.
 21490 | Orc:2    | Found a staircase to the Elven Halls.
 21639 | Orc:2    | HP: 1/195 [orc knight/+0 halberd (13)]
 21641 | Orc:2    | Slain by an orc knight

Illustrated notes

Levels and vault maps discovered:
D:1:      tarquinn_simple_flora_water_e, layout_loops_ring, serial_shops,
          nicolae_shop_waterfront
D:2:      layout_basic, serial_shops, nicolae_shop_competitors_out_of_business,
          feat_on_display
D:3:      layout_loops_ring, cheibrodos_worm_habitat,
          mainiacjoe_overflow_catwalk, shapermc_ecumenical_altar_ellora,
          uniq_crazy_yiuf_cottage, uniq_robin
D:4:      layout_loops_ring, grunt_temple_overflow_magic_moments, uniq_pikel,
          uniq_edmund, uniq_menkaure, uniq_sigmund
D:5:      layout_cave_pools, elyvilon_altar_3
D:6:      layout_loops_ring, uniq_grinder, uniq_duvessa
D:7:      layout_basic, pdpol_wu_jian_five_deadly_venoms,
          minmay_temple_entry_purple_smoke
D:8:      layout_rooms, mainiacjoe_overflow_swirl, minmay_hedge_maze
D:9:      layout_loops_ring, grunt_lair_entry_orc_guard_hut, orc_david_3,
          serial_demonic, serial_demonic_b, serial_demonic_g, serial_demonic_a,
          serial_demonic_d, minmay_misc_feat_enclosed,
          chequers_serial_rivers_room_a, abandoned_shop
D:10:     layout_loops_ring, uniq_maurice
D:11:     layout_loops_ring
Temple:   dshaligram_water_room_temple
Lair:1:   gammafunk_worm_tunnel, layout_hall_layers, minmay_holes,
          grunt_megastairs_5, infiniplex_staircase_pool_2, uniq_maggie,
          uniq_urug
Lair:2:   layout_roguey, spider_nest_entry_web_field, uniq_nergalle
Lair:3:   layout_chaotic_city, elwin_shoals_entry_rooms, wad_woods_03
Lair:4:   layout_concentric_octagons, gauntlet_entry_generic,
          serial_bayou_shore_a
Lair:5:   minmay_lair_end_enchanted_forest, layout_small_grid, slime_entry_1,
          grunt_megastairs_1, infiniplex_staircase_pool, lemuel_fruit_tree
Orc:1:    layout_caves
Orc:2:    st_orc_pillars, layout_diamond_mine, portal_ice_cave_demonic_guard,
          basic_altar, kennysheep_orc_sif_temple

Skill      XL: |  1  2  3  4  5  6  7  8  9 10 11 12 13 14 |
---------------+-------------------------------------------+-----
Axes           | 2 3 4 5 7 9 12 14 15 | 15.6
Armour         | 3 4 5 6 7 8 10 11 | 11.0
Dodging        | 1 2 3 4 5 6 8 9 10 | 10.5
Fighting       | 4 5 7 8 9 10 12 14 | 14.0
Invocations    | 12 | 12.2
Shields        | |  2.6

Action                     |  1- 3 |  4- 6 |  7- 9 | 10-12 | 13-15 || total
---------------------------+-------+-------+-------+-------+-------++-------
  Melee: War axe           |    82 |   130 |   215 |       |       ||   427
         Kick              |    13 |    38 |    80 |   152 |   169 ||   452
         Punch             |       |     1 |     3 |       |       ||     4
         Battleaxe         |       |       |    32 |   414 |   471 ||   917
         Dire flail        |       |       |       |     3 |       ||     3
   Fire: Sling             |       |     2 |    11 |       |       ||    13
  Throw: Stone             |    10 |    23 |     9 |    59 |    10 ||   111
         Dart              |       |       |    12 |    10 |       ||    22
         Javelin           |       |       |       |       |     1 ||     1
  Evoke: Wand              |       |     3 |    10 |    28 |    14 ||    55
    Use: Scroll            |     6 |     1 |     8 |    11 |     5 ||    31
         Potion            |       |     6 |     3 |     3 |     3 ||    15
   Stab: Paralysed         |       |       |       |     3 |       ||     3
         Distracted        |       |       |       |       |     1 ||     1
 Armour: Scale mail        |    53 |    67 |   131 |   118 |       ||   369
         Skin              |       |       |    10 |       |       ||    10
         Swamp dragon scal |       |       |       |    56 |   200 ||   256
  Dodge: Dodged            |    37 |    87 |   171 |   386 |   723 ||  1404

Table legend: (Time is in decaauts)
 A = Elapsed time spent in this place.
 B = Non-inter-level travel time spent in this place.
 C = Inter-level travel time spent in this place.
 D = Time resting spent in this place.
 E = Time spent auto-exploring this place.
 F = Levels seen in this place.
 G = Mean time per level.
                   A        B        C        D        E       F      G
               +--------+--------+--------+--------+--------+-----+--------+
         Total |  27142 |  25225 |   1917 |   3917 |  16743 |  19 | 1428.5 |
       Dungeon |  14960 |  13752 |   1208 |   2559 |   8811 |  11 | 1360.0 |
        Temple |     90 |     70 |     20 |      0 |     60 |   1 |   90.0 |
          Lair |  10652 |  10004 |    648 |   1307 |   6945 |   5 | 2130.4 |
  Orcish Mines |   1438 |   1398 |     40 |     51 |    925 |   2 |  719.0 |
               +--------+--------+--------+--------+--------+-----+--------+

Top non-repeatable levels by time:
  Lair:3: 2518 daAuts
  Lair:1: 2362 daAuts
  Lair:5: 2228 daAuts
  Lair:4: 2017 daAuts
     D:9: 1954 daAuts
     D:3: 1559 daAuts
  Lair:2: 1526 daAuts
    D:10: 1457 daAuts
     D:4: 1442 daAuts
    D:11: 1437 daAuts
     D:6: 1374 daAuts
     D:2: 1336 daAuts
     D:5: 1262 daAuts
     D:7: 1202 daAuts
     D:8: 1171 daAuts
